 Dungeon Crawl Stone Soup version 0.26-a0-810-ge1a9524b62 (webtiles) character file.

Game seed: 8210263022820357204

10707 lunkers the Frost Mage (level 11, -8/75 HPs)
             Began as an Octopode Ice Elementalist on Nov 12, 2020.
             Was a Believer of Ashenzari.
             Mangled by a wraith (12 damage)
             ... led by Josephine
             ... on level 10 of the Dungeon on Nov 13, 2020.
             The game lasted 00:25:43 (11954 turns).

lunkers the Frost Mage (Octopode Ice Elementalist) Turns: 11954, Time: 00:25:44

Health: -8/75      AC:  1    Str:  8    XL:     11   Next: 66%
Magic:  13/23      EV: 11    Int: 26    God:    Ashenzari [**....]
Gold:   503        SH: 10    Dex: 13    Spells: 16/27 levels left

rFire    + + +     SeeInvis .   D - +3 demon trident "Pioher" {vorpal, rF+++ rC- rN+ MR+}
rCold    . . .     Faith    .   y - +1 kite shield (curse)
rNeg     + . .     Spirit   .   (helmet restricted)
rPois    .         Reflect  .   v - amulet of regeneration (curse)
rElec    .         Harm     .   e - ring of protection from cold
rCorr    .         Rampage  .   h - +6 ring of intelligence (curse)
MR       +....                  l - ring of wizardry
Stlth    +++.......             (no ring)
HPRegen  0.62/turn              (no ring)
MPRegen  0.18/turn              (no ring)
                                (no ring)
                                (no ring)

@: about to teleport, slowed, lightly drained, very slow
A: almost no armour, stealthy swim, amphibious, 8 rings, constrict 8, camouflage
1, gelatinous body 1
a: Curse Item, Scrying, Renounce Religion


You were on level 10 of the Dungeon.
You worshipped Ashenzari.
Ashenzari was pleased with you.
You visited 2 branches of the dungeon, and saw 11 of its levels.

You collected 503 gold pieces.

Inventory:

Hand Weapons
 u - a +2 short sword of electrocution
 D - the +3 demon trident "Pioher" (weapon) {vorpal, rF+++ rC- rN+ MR+}
   (You found it on level 8 of the Dungeon)

   It inflicts extra damage upon your enemies.
   It renders you almost immune to fire.
   It makes you vulnerable to cold.
   It protects you from negative energy.
   It affects your resistance to hostile enchantments.
 H - the +4 trident of Adauc {vorpal, rN+ SInv Stlth-}
   (You took it off an orc warrior on level 9 of the Dungeon)

   It inflicts extra damage upon your enemies.
   It protects you from negative energy.
   It lets you see invisible.
   It makes you less stealthy.
Armour
 y - a cursed +1 kite shield (worn)
Jewellery
 e - a ring of protection from cold (left tentacle)
 h - a cursed +6 ring of intelligence (right tentacle)
 l - a ring of wizardry (on tentacle)
 v - a cursed amulet of regeneration (around mantle)
 z - the ring "Xoibiss" {Wiz MR- Dex+6}
   (You found it on level 7 of the Dungeon)

   [ring of wizardry]

   It improves your spell success rate.
   It affects your dexterity (+6).
   It affects your resistance to hostile enchantments.
Wands
 q - a wand of digging (5)
 t - a wand of polymorph (13)
 w - a wand of flame (30)
Scrolls
 c - 4 scrolls of amnesia
 d - 2 scrolls of teleportation
 f - 2 scrolls of fear
 g - 2 scrolls of identify
 k - a scroll of enchant armour
 m - a scroll of enchant weapon
 o - a scroll of magic mapping
Potions
 b - 11 potions of ambrosia
 i - 2 potions of brilliance
 j - 2 potions of haste
 n - 5 potions of curing
 p - a potion of mutation
 s - a potion of lignification
 x - a potion of cancellation
 A - a potion of heal wounds
 E - 2 potions of might
 G - a potion of magic
 I - a potion of berserk rage
Miscellaneous
 a - a lightning rod (4/4)


   Skills:
 + Level 7.1(6.6) Fighting
 - Level 2.0(1.5) Dodging
 - Level 2.6(2.2) Stealth
 + Level 5.9(6.8) Shields
 + Level 8.5(7.9) Spellcasting
 * Level 12.9(12.3) Ice Magic


You had 16 spell levels left.
You knew the following spells:

 Your Spells              Type           Power        Failure   Level
a - Freeze                Ice            ####         1%          1
b - Frozen Ramparts       Ice            ######       1%          3
c - Ozocubu's Armour      Ice            ######..     1%          3
d - Summon Ice Beast      Ice/Summ       #####...     5%          4

Your spell library contained the following spells:

 Spells                   Type           Power        Failure   Level
 Hailstorm                Conj/Ice       #####...     5%          4


Dungeon Overview and Level Annotations

Branches:
Dungeon (10/15)            Temple (1/1) D:5            Lair (0/6) D:8
    Orc: D:9-12

Altars:
Ashenzari
Cheibriados
Dithmenos
Elyvilon
Fedhas
Gozag
Hepliaklqana
Kikubaaqudgha
Makhleb
Nemelex Xobeh
Okawaru
Qazlal
Ru
Sif Muna
Trog
Uskayaw
Vehumet
Wu Jian
Xom
Yredelemnul
Zin
The Shining One

Shops:
D:4 !   D:9 !

Annotations:
D:5 exclusion: statue
D:6 1 runed translucent door, Sabo's ghost, novice DsBe


Innate Abilities, Weirdness & Mutations

You cannot wear most types of armour.
You are very stealthy in the water. (Stealth+)
You are amphibious.
You can wear up to eight rings at the same time.
You can use your tentacles to constrict eight enemies at once.
Your skin changes colour to match your surroundings (Stealth+).
Your rubbery body absorbs attacks. (AC +1, EV +1)


Message History

* * * LOW HITPOINT WARNING * * *
The wraith hits your ice beast.
Your ice beast dies!
The wight hits you with a +4 falchion.
* * * LOW HITPOINT WARNING * * *
You partially resist.
You feel drained.
* * * LOW HITPOINT WARNING * * *
The wraith closely misses your ice beast.
Your ice beast barely misses the wraith.
The wraith hits you.
* * * LOW HITPOINT WARNING * * *
The wraith drains your vigour!
You feel as though you will be slow longer.
The wraith hits your ice beast. The wight hits you with a +4 falchion!
* * * LOW HITPOINT WARNING * * *
A wight comes into view.
It is wielding a +4 great sword of freezing.
Unknown command.
As you read the scroll of teleportation, it crumbles to dust.
You feel strangely unstable. The wraith hits you!
You die...

......#...# , , , , #...#
#........ , , #...#
#>....... #######...#
#........ * ..........#
#....$... , ..........#
#..W..... ..........###
#.Y...... ,
............####WW......,
................@z......
...........#######z###..
.#####.....# ..* , .#,,
#.....#, , .# .# +.....#
, .., .# +.....# , , , ..
* + .# #.....# , , .
*#.....# ,, ,


You could see 3 wraiths, 2 wights and a friendly ice beast (summoned, slow).

Vanquished Creatures
  3 death yaks
  A two-headed ogre (D:9)
  Joseph (D:9)
  Prince Ribbit (D:6)
  A hornet (D:9)
  Grinder (D:5)
  9 yaks (D:9)
  2 wyverns
  Menkaure (D:4)
  Edmund (D:4)
  2 water moccasins
  Duvessa (D:6)
  2 orc warriors
  A black bear (D:9)
  2 sky beasts
  2 eyes of draining (D:5)
  2 phantoms
  5 ogres
  2 centaurs
  3 big kobolds (D:8)
  6 bullfrogs
  Dowan (D:6)
  A wyvern skeleton (D:8)
  22 killer bees (D:9)
  12 wights
  6 howler monkeys
  2 bullfrog zombies
  3 hounds
  3 jellies
  An orc priest (D:6)
  A centaur skeleton (D:9)
  6 orc wizards
  Ijyb (D:5)
  9 worker ants
  A hound zombie (D:5)
  A worker ant zombie (D:4)
  Robin (D:4)
  4 gnolls (D:4)
  A howler monkey skeleton (D:8)
  6 adders
  2 river rats (D:8)
  5 white imps
  2 ufetubi
  3 oozes
  2 adder zombies (D:8)
  5 adder skeletons
  A worm (D:9)
  2 dart slugs
  7 leopard geckos
  28 orcs
  A ball python (D:1)
  5 giant cockroaches
  16 goblins
  12 hobgoblins
  27 kobolds
  9 quokkas
  12 bats
  7 frilled lizards
  2 leopard gecko skeletons (D:5)
  A quokka zombie (D:4)
  8 rats
288 creatures vanquished.

Vanquished Creatures (collateral kills)
  A queen bee (D:9)
  2 killer bees (D:9)
  3 wights (D:10)
6 creatures vanquished.

Grand Total: 294 creatures vanquished

Notes
Turn   | Place    | Note
-------+----------+-------------------------------------------
     0 | D:1      | lunkers the Octopode Ice Elementalist began the quest for
                  | the Orb.
     0 | D:1      | Reached XP level 1. HP: 11/11 MP: 3/3
   241 | D:1      | Reached XP level 2. HP: 4/17 MP: 0/5
  1035 | D:1      | Reached XP level 3. HP: 19/21 MP: 3/6
  1829 | D:2      | Reached skill level 5 in Ice Magic
  2083 | D:2      | Reached XP level 4. HP: 27/27 MP: 6/8
  2113 | D:2      | Found a faded altar of an unknown god.
  2508 | D:2      | Learned a level 3 spell: Frozen Ramparts
  2512 | D:2      | Learned a level 3 spell: Ozocubu's Armour
  3035 | D:3      | Noticed an ice beast
  3036 | D:3      | Found an opulent altar of Gozag.
  3915 | D:3      | Found an opulent altar of Gozag.
  4298 | D:4      | Noticed Menkaure
  4303 | D:4      | Killed Menkaure
  4303 | D:4      | Reached skill level 6 in Ice Magic
  4303 | D:4      | Reached XP level 5. HP: 31/31 MP: 8/10
  4303 | D:4      | Reached XP level 6. HP: 36/36 MP: 8/11
  4351 | D:4      | Found a white marble altar of Elyvilon.
  4494 | D:4      | Found a shimmering blue altar of Sif Muna.
  4647 | D:4      | Found a shimmering altar of Xom.
  4830 | D:4      | Found a stormy altar of Qazlal.
  4883 | D:4      | Reached skill level 7 in Ice Magic
  4916 | D:4      | Found Suit's Distillery.
  5055 | D:4      | Noticed Edmund
  5063 | D:4      | Killed Edmund
  5063 | D:4      | Reached XP level 7. HP: 13/41 MP: 7/13
  5335 | D:4      | Noticed Robin
  5346 | D:4      | Killed Robin
  5645 | D:5      | Entered Level 5 of the Dungeon
  5706 | D:5      | Found a staircase to the Ecumenical Temple.
  5765 | Temple   | Entered the Ecumenical Temple
  6028 | Temple   | Became a worshipper of Ashenzari the Shackled
  6254 | D:5      | Reached skill level 8 in Ice Magic
  6299 | D:5      | Noticed Grinder
  6307 | D:5      | Paralysed by Grinder for 6 turns
  6315 | D:5      | Killed Grinder
  6315 | D:5      | Reached skill level 5 in Spellcasting
  6315 | D:5      | Reached XP level 8. HP: 45/46 MP: 15/15
  6346 | D:5      | Noticed Ijyb
  6353 | D:5      | Killed Ijyb
  6563 | D:5      | Reached skill level 1 in Fighting
  6636 | D:5      | Found a radiant altar of Vehumet.
  6767 | D:5      | Found a bloodstained altar of Trog.
  6779 | D:5      | Reached skill level 9 in Ice Magic
  7013 | D:6      | Noticed Duvessa
  7013 | D:6      | Noticed Dowan
  7021 | D:6      | Learned a level 4 spell: Summon Ice Beast
  7029 | D:6      | Killed Duvessa
  7030 | D:6      | Killed Dowan
  7285 | D:6      | Reached XP level 9. HP: 51/55 MP: 17/17
  7658 | D:6      | Found a runed translucent door.
  7658 | D:6      | Noticed Sabo's ghost (novice DsBe)
  7676 | D:6      | Noticed Prince Ribbit
  7709 | D:6      | Killed Prince Ribbit
  7709 | D:6      | Reached skill level 10 in Ice Magic
  7871 | D:6      | Found a basalt altar of Yredelemnul.
  8379 | D:7      | Found a glowing silver altar of Zin.
  8647 | D:7      | Reached skill level 1 in Shields
  8656 | D:7      | Identified the ring "Xoibiss" {Wiz MR- Dex+6}
  8916 | D:7      | Reached * piety under Ashenzari
  9377 | D:8      | Found a staircase to the Lair.
  9379 | D:8      | Noticed a death yak
  9395 | D:8      | Noticed a death yak
  9402 | D:8      | Killed a death yak
  9402 | D:8      | Reached skill level 11 in Ice Magic
  9402 | D:8      | Reached XP level 10. HP: 35/65 MP: 13/20
  9485 | D:7      | Killed a death yak
  9485 | D:7      | Reached skill level 5 in Fighting
  9577 | D:8      | Noticed a death yak
  9596 | D:7      | Killed a death yak
  9862 | D:8      | Got the demon trident "Pioher" {vorpal, rF+++ rC- rN+ MR+}
  9863 | D:8      | Identified the +3 demon trident "Pioher" {vorpal, rF+++ rC-
                  | rN+ MR+} (You found it on level 8 of the Dungeon)
 10579 | D:9      | Identified the +4 trident of Adauc {vorpal, rN+ SInv
                  | Stlth-}
 10599 | D:9      | Reached skill level 12 in Ice Magic
 10697 | D:9      | Found Lumo's Distillery.
 10771 | D:9      | Noticed Joseph
 10808 | D:9      | Killed Joseph
 10808 | D:9      | Reached XP level 11. HP: 52/72 MP: 18/22
 10987 | D:9      | Found a sparkling altar of Nemelex Xobeh.
 11022 | D:9      | Reached skill level 5 in Shields
 11062 | D:9      | Found a snail-covered altar of Cheibriados.
 11337 | D:9      | Noticed a two-headed ogre
 11365 | D:9      | Killed a two-headed ogre
 11743 | D:10     | Entered Level 10 of the Dungeon
 11844 | D:10     | Reached ** piety under Ashenzari
 11954 | D:10     | Mangled by a wraith

Illustrated notes

Levels and vault maps discovered:
D:1:      lemuel_arrival_tunnels, layout_basic
D:2:      layout_loops_corners, chequers_ecumenical_altar_grove,
          nrook_mini_vaults, supply_closet_lemuel, kennysheep_generic_room_6
D:3:      layout_basic, lemuel_crystal_altar, nicolae_gozag_seed_capital
D:4:      layout_basic, kennysheep_little_box, elyvilon_altar_3,
          kennysheep_mini_moat, nicolae_qazlal_eye_of_the_storm, serial_shops,
          shop, uniq_robin, uniq_menkaure, uniq_edmund
D:5:      layout_loops_ring, trog_eyes_of_draining, vehumet_statue,
          minmay_temple_entry_poolview, uniq_grinder, uniq_ijyb
D:6:      layout_loops_ring, old_standard_altar, serial_co_window_serial,
          co_window_corner_a, co_window_corner_a, co_window_of_opportunity_a,
          co_window_paths_a, co_window_paths_a, co_window_of_opportunity_c,
          co_window_of_opportunity_b, co_window_corner_b,
          co_window_of_opportunity_b, co_window_corner_ca, co_window_corner_cb,
          co_window_paths_c, glass_columns_a, ebering_ghost_reflecting_pool,
          uniq_duvessa, uniq_prince_ribbit1
D:7:      layout_loops_corners, lemuel_round_altar
D:8:      layout_basic, dpeg_lair_monsters, abandoned_shop
D:9:      layout_roguey [special_room_bee], nemelex_altar_shiori, slow_altar_2,
          serial_shops, shop, uniq_joseph
D:10:     layout_irregular_city, serial_shops, shop_fountains, uniq_grum,
          uniq_maurice, uniq_josephine
Temple:   minmay_temple_curvy_loop

Skill      XL: |  1  2  3  4  5  6  7  8  9 10 11 |
---------------+----------------------------------+-----
Ice Magic      | 5 6 7 8 9 11 12 | 12.9
Spellcasting   | 3 4 5 7 8 |  8.5
Fighting       | 2 4 6 7 |  7.1
Shields        | 3 4 5 |  5.9
Dodging        | |  2.0
Stealth        | |  2.6

Action                   |  1- 3 |  4- 6 |  7- 9 | 10-12 || total
-------------------------+-------+-------+-------+-------++-------
Melee: Unarmed           |    14 |       |       |       ||    14
       Tentacles         |     4 |     3 |    16 |    12 ||    35
       Constrict         |     3 |     3 |    17 |    19 ||    42
       Short sword       |       |    10 |    70 |     9 ||    89
       Demon trident     |       |       |       |    70 ||    70
 Cast: Freeze            |    60 |    53 |    53 |    64 ||   230
       Frozen Ramparts   |       |     6 |    27 |    29 ||    62
       Summon Ice Beast  |       |       |       |    12 ||    12
       Ozocubu's Armour  |       |       |       |     1 ||     1
Invok: Curse Item        |       |       |     3 |       ||     3
Evoke: Wand              |       |     2 |     8 |       ||    10
  Use: Scroll            |       |       |       |    24 ||    24
 Stab: Sleeping          |       |     1 |     4 |       ||     5
       Distracted        |       |       |       |     1 ||     1
Armor: Skin              |     4 |     3 |     4 |    10 ||    21
Dodge: Dodged            |    40 |    40 |    73 |    80 ||   233
Block: Kite shield       |       |       |    13 |    75 ||    88

Table legend: (Time is in decaauts)
 A = Elapsed time spent in this place.
 B = Non-inter-level travel time spent in this place.
 C = Inter-level travel time spent in this place.
 D = Time resting spent in this place.
 E = Time spent auto-exploring this place.
 F = Levels seen in this place.
 G = Mean time per level.
                   A        B        C        D        E       F      G
               +--------+--------+--------+--------+--------+-----+--------+
         Total |  11993 |  11668 |    325 |    326 |   9117 |  11 | 1090.3 |
       Dungeon |  11697 |  11373 |    324 |    326 |   8944 |  10 | 1169.7 |
        Temple |    295 |    295 |      0 |      0 |    173 |   1 |  295.0 |
               +--------+--------+--------+--------+--------+-----+--------+

Top non-repeatable levels by time:
     D:1: 1744 daAuts
     D:4: 1382 daAuts
     D:2: 1378 daAuts
     D:9: 1373 daAuts
     D:6: 1324 daAuts
     D:7: 1183 daAuts
     D:3: 1139 daAuts
     D:5: 1065 daAuts
     D:8: 884 daAuts
  Temple: 295 daAuts
    D:10: 221 daAuts
